 Dungeon Crawl Stone Soup version 0.32-a0-132-g2d33c3cfaf (webtiles) character file.

Game seed: 6855582289407246903

622 dialectric the Changeling (level 7, -7/67 HPs)
             Began as a Troll Shapeshifter on Feb 10, 2024.
             Mangled by a troll (15 damage)
             ... on level 6 of the Dungeon.
             The game lasted 00:03:46 (2419 turns).

dialectric the Changeling (Troll Shapeshifter)      Turns: 2419, Time: 00:03:46

Health: -7/67      AC:  4    Str: 25    XL:     7   Next: 22%
Magic:  6/6        EV: 11    Int:  6    God:
Gold:   175        SH:  0    Dex: 15    Spells: 6/6 levels left

rFire   . .          .
                       - Unarmed
rCold   . . .        (no shield)
rNeg    . . .        a - +0 animal skin
rPois   .            (helmet currently unavailable)
rElec   .            (cloak currently unavailable)
rCorr   .            (gloves unavailable)
SInv    .            (boots unavailable)
Will    .....        (no amulet)
Stlth   +            i - +6 ring of dexterity
HPRegen 1.11/turn    (no ring)
MPRegen 0.10/turn

%: no passive effects
@: beast-form
A: beast (slay +2), large, unfitting armour, claws 3, regeneration 1, shaggy fur
1, tough skin 1
a: Begin Untransformation


You were on level 6 of the Dungeon.
You were a hulking beast.
You visited 1 branch of the dungeon, and saw 6 of its levels.

You collected 217 gold pieces.
You spent 42 gold pieces at shops.

Inventory:

Hand Weapons
 k - a +0 mace
Missiles
 q - 4 poisoned darts (quivered)
Armour
 a - a +0 animal skin (worn)
 t - a +0 cloak
Jewellery
 i - a +6 ring of dexterity (left claw)
 r - a ring of fire
Talismans
 c - a beast talisman
 d - a flux talisman
Scrolls
 g - 8 scrolls of identify {unknown}
 l - a scroll of noise {unknown}
 m - a scroll of immolation {unknown}
 n - a scroll of brand weapon {unknown}
 p - 2 scrolls of teleportation
 s - a scroll of poison {unknown}
Potions
 b - a potion of lignification
 e - 2 potions of brilliance {unknown}
 f - a potion of berserk rage {unknown}
 h - 2 potions of heal wounds {unknown}
 j - 2 potions of curing {unknown}
 o - 2 potions of attraction {unknown}
 u - a potion of degeneration {unknown}


   Skills:
 * Level 3.6 Fighting
 + Level 4.4 Dodging
 - Level 3.1 Unarmed Combat
 + Level 4.6 Shapeshifting


You had 6 spell levels left.
You didn't know any spells.
Your spell library contained the following spells:

 Spells                   Type           Power      Damage    Failure   Level
 Lesser Beckoning         Tloc           0%         N/A       58%         2
 Sublimation of Blood     Necr           0%         N/A       58%         2
 Gell's Gravitas          Tloc           0%         N/A       83%         3
 Ozocubu's Armour         Ice            0%         N/A       83%         3
 Teleport Other           Tloc           0%         N/A       83%         3
 Petrify                  Alch/Erth      0%         N/A       99%         4
 Irradiate                Conj/Alch      0%         3d11      100%        5
 Metabolic Englaciation   Hex/Ice        0%         N/A       100%        5
 Sculpt Simulacrum        Ice/Alch       0%         N/A       100%        6


Dungeon Overview and Level Annotations

Branches:
Dungeon (6/15)
 Temple: D:4-7

Altars:
Cheibriados

Shops:
D:1 !   D:2 ?   D:4 *

Annotations:
D:4 Robin


Innate Abilities, Weirdness & Mutations

You are a hulking beast.
Your limbs bulge with bestial killing power. (Slay +2)
You are too large for most types of armour.
You have claws for hands.
Your natural rate of healing is unusually fast.
You are covered in fur. (AC +1)
You have tough skin. (AC +1)


Message History

A scorpion comes into view.
A scorpion is nearby!
Found a spear.
You claw the scorpion!
The scorpion is heavily wounded.
The scorpion stings you.
You scratch the scorpion.
The scorpion is severely wounded.
The scorpion stings you.
You scratch the scorpion but do no damage.
You claw the scorpion.
You kill the scorpion!
A troll opens the door.
The troll bites you! The troll closely misses you. The troll claws you.
You claw the troll! You claw the troll, but do no damage.
The troll is moderately wounded.
The troll closely misses you. The troll claws you! The troll barely misses you.
You claw the troll!
The troll is heavily wounded.
The troll closely misses you. The troll claws you!
The troll claws you but does no damage.
You claw the troll!
The troll is almost dead.
The troll bites you!
* * * LOW HITPOINT WARNING * * *
The troll misses you. The troll claws you.
* * * LOW HITPOINT WARNING * * *
You are too injured to fight recklessly!
You scratch the troll.
The troll is almost dead.
The troll bites you.
* * * LOW HITPOINT WARNING * * *
The troll claws you!
* * * LOW HITPOINT WARNING * * *
The troll claws you.
* * * LOW HITPOINT WARNING * * *
You scratch the troll.
The troll is almost dead.
The troll bites you!
You die...

#...#.#.#.#.#.......#
#....#.###.#........#
+.....#####.....##..#
#...............##..#
#.....#..##.........
#.....#..#..........
#.....#..#...........
+##.†...#.>#...........
........h#..#...........
'.........T.%##########+
#.........#'##
#....)........
+..............
#................
................
...############


You could see a troll.

Vanquished Creatures
  A sky beast (D:6)
  A centaur (D:6)
  A bullfrog (D:6)
  A scorpion (D:6)
  A howler monkey (D:5)
  A hound (D:6)
  An orc priest (D:3)
  Jessica (D:2)
  2 orc wizards
  A sleepcap (D:6)
  4 adders
  2 white imps
  2 ufetubi (D:5)
  3 ribbon worms
  2 dart slugs
  7 orcs
  6 endoplasms
  A giant cockroach (D:3)
  2 goblins
  4 hobgoblins
  8 kobolds
  3 quokkas
  6 ball pythons
  2 bats
  4 frilled lizards
  3 rats
70 creatures vanquished.

Notes
Turn   | Place    | Note
-------+----------+-------------------------------------------
     0 | D:1      | dialectric the Troll Shapeshifter began the quest for the
                  | Orb.
     0 | D:1      | Reached XP level 1. HP: 18/18 MP: 0/0
   114 | D:1      | Reached skill level 1 in Fighting
   198 | D:1      | Reached XP level 2. HP: 27/27 MP: 1/1
   294 | D:1      | Found Made's Distillery.
   792 | D:2      | Reached XP level 3. HP: 33/33 MP: 2/2
   812 | D:2      | Found Gouledgh's Magic Scroll Shoppe.
   821 | D:2      | Bought a scroll of teleportation for 42 gold pieces
  1267 | D:3      | Noticed Jessica
  1280 | D:2      | Killed Jessica
  1281 | D:2      | Reached XP level 4. HP: 34/42 MP: 3/3
  1473 | D:3      | Reached XP level 5. HP: 42/49 MP: 4/4
  1973 | D:4      | Found a snail-covered altar of Cheibriados.
  2034 | D:4      | Found Jetalasm's Lightly-Used Armoury.
  2036 | D:4      | Noticed Robin
  2041 | D:5      | Entered Level 5 of the Dungeon
  2277 | D:6      | Noticed a centaur
  2284 | D:6      | Reached XP level 6. HP: 54/59 MP: 5/5
  2374 | D:6      | Noticed a sky beast
  2385 | D:6      | Killed a sky beast
  2386 | D:6      | Reached XP level 7. HP: 59/67 MP: 6/6
  2413 | D:6      | Noticed a troll
  2419 | D:6      | Mangled by a troll

Illustrated notes

Levels and vault maps discovered:
D:1:      minmay_arrival_glassed_features, layout_basic, serial_shops, shop,
          st_stairs_6
D:2:      layout_basic, serial_shops, nicolae_shop_advertising_works
          [nicolae_subvault_shop_adworks]
D:3:      layout_loops_ring, corner_web_ring, roderic_roman_lattice,
          uniq_jessica
D:4:      layout_rooms, mainiacjoe_overflow_alcove_2,
          mainiacjoe_overflow_tiny_flanked, minmay_shop_damaged,
          amcnicky_mini_corridor_feature, uniq_robin, uniq_natasha, uniq_pikel
D:5:      layout_loops_ring, zin_treasury
D:6:      layout_gridville, mainiacjoe_overflow_alcove_1,
          grunt_decor_mini_mirrors, minmay_circle_x

Skill      XL: |  1  2  3  4  5  6 |
---------------+-------------------+-----
Fighting       | 1 2 3 |  3.6
Dodging        | 2 3 4 |  4.4
Shapeshifting  | 4 |  4.6
Unarmed Combat | |  3.1

Action                     |  1- 3 |  4- 6 |  7- 9 || total
---------------------------+-------+-------+-------++-------
  Melee: Unarmed           |    54 |    93 |     9 ||   156
         Punch             |     1 |     2 |     2 ||     5
   Stab: Sleeping          |     1 |     1 |       ||     2
 Armour: Animal skin       |    35 |   106 |    13 ||   154
  Dodge: Dodged            |    20 |    86 |     5 ||   111

Table legend: (Time is in decaauts)
 A = Elapsed time spent in this place.
 B = Non-inter-level travel time spent in this place.
 C = Inter-level travel time spent in this place.
 D = Time resting spent in this place.
 E = Time spent auto-exploring this place.
 F = Levels seen in this place.
 G = Mean time per level.
                   A        B        C        D        E       F      G
               +--------+--------+--------+--------+--------+-----+--------+
         Total |   2411 |   2340 |     71 |     44 |   1671 |   6 |  401.8 |
       Dungeon |   2411 |   2340 |     71 |     44 |   1671 |   6 |  401.8 |
               +--------+--------+--------+--------+--------+-----+--------+

Top non-repeatable levels by time:
     D:2: 748 daAuts
     D:3: 661 daAuts
     D:1: 527 daAuts
     D:5: 211 daAuts
     D:6: 163 daAuts
     D:4: 99 daAuts
